 Dungeon Crawl Stone Soup version 0.21.0-3-g78d12a8 (webtiles) character file.

6172 sankara the Protected (level 10, -8/99 HPs)
             Began as a Deep Dwarf Fighter on Jan 17, 2018.
             Was a Believer of Makhleb.
             Killed from afar by a rime drake (21 damage)
             ... with a flash freeze
             ... on level 2 of the Lair of Beasts.
             The game lasted 00:32:28 (7646 turns).

sankara the Protected (Deep Dwarf Fighter)          Turns: 7646, Time: 00:32:29

Health: -8/99      AC: 19    Str: 20    XL:     10   Next: 60%
Magic:  14/14      EV:  4    Int:  9    God:    Makhleb [**....]
Gold:   380        SH:  9    Dex: 15    Spells: 9/9 levels left

rFire    + . .     SeeInvis .   a - +0 war axe
rCold    . . .     Gourm    .   c - +0 shield
rNeg     . . .     Faith    .   k - +0 plate armour
rPois    .         Spirit   .   r - +1 helmet
rElec    .         Reflect  .   s - scarf {cloud immunity}
rCorr    .         Harm     .   v - +0 pair of gloves
MR       +....                  (no boots)
Stlth    ..........             (no amulet)
HPRegen  0.00/turn              g - ring of magical power
MPRegen  0.14/turn              (no ring)

@: non-regenerating
A: damage resistance, heal wounds, fire resistance 1, sense surroundings 2, no
regeneration
a: Heal Wounds, Minor Destruction, Renounce Religion


You were on level 2 of the Lair of Beasts.
You worshipped Makhleb.
Makhleb was pleased with you.
You were not hungry.

You visited 3 branches of the dungeon, and saw 11 of its levels.

You collected 380 gold pieces.

Inventory:

Hand Weapons
 a - a +0 war axe (weapon)
Missiles
 j - 2 javelins (quivered)
 t - 5 tomahawks
Armour
 c - a +0 shield (worn)
 k - a +0 plate armour (worn)
 r - a +1 helmet (worn)
 s - a scarf of cloud immunity (worn)
 v - a +0 pair of gloves (worn)
Jewellery
 g - a ring of magical power (left hand)
 o - an uncursed ring of fire
 y - a cursed amulet of inaccuracy {unknown}
Wands
 d - a wand of disintegration (5)
 q - a wand of paralysis (3)
 w - a wand of acid (9)
 x - a wand of iceblast (24)
Scrolls
 b - a scroll of fog
 h - 7 scrolls of identify
 i - 3 scrolls of teleportation
 l - 2 scrolls of magic mapping
 m - 2 scrolls of fear
 u - 6 scrolls of remove curse
Potions
 n - a potion of flight
 p - 2 potions of agility
 A - 3 potions of curing
Comestibles
 f - 11 rations


   Skills:
 + Level 9.6 Fighting
 - Level 9.0 Axes
 + Level 11.2 Armour
 - Level 3.2 Shields


You had 9 spell levels left.
You didn't know any spells.

Dungeon Overview and Level Annotations

Branches:
Dungeon (8/15)             Temple (1/1) D:5            Lair (2/6) D:8
  Swamp: Lair:2-4    Shoals: Lair:2-4     Snake: Lair:2-4    Spider: Lair:2-4

Altars:
Ashenzari
Cheibriados
Dithmenos
Elyvilon
Fedhas
Gozag
Hepliaklqana
Kikubaaqudgha
Makhleb
Nemelex Xobeh
Okawaru
Qazlal
Ru
Sif Muna
Trog
Uskayaw
Vehumet
Wu Jian
Xom
Yredelemnul
The Shining One

Annotations:
D:7 1 runed door


Innate Abilities, Weirdness & Mutations

You are resistant to damage.
You can heal yourself by infusing magical energy.
You passively map the area around you.
You do not regenerate.
Your flesh is heat resistant. (rF+)


Message History

The flash freeze hits you!
* * * LOW HITPOINT WARNING * * *
You are encased in ice.
You completely miss the rime drake.
The rime drake bites you but does no damage.
Your shield and plate armour prevent you from hitting the rime drake.
You block the rime drake's attack.
The rime drake bites you but does no damage.
Your plate armour prevents you from hitting the rime drake.
The rime drake bites you but does no damage.
You hit the rime drake.
The rime drake is lightly wounded.
The ice encasing you melts away.
The rime drake bites you but does no damage.
The rime drake barely misses you.
Your shield and plate armour prevent you from hitting the rime drake.
The rime drake is lightly wounded.
The rime drake breathes ice at you. The flash freeze hits you!
You die...

#..##.##...8...#.####
###..# *
#.#............##.8.##
#..##
.##Y.............#.....#
##..#.
....#...8..8.>.8.+..<.8#
#....#
.................#.....#
#.....
.#..Y............##.8.##
###..##
*#..#####.#..8.†#######
#....## #..,
####.Y....#k.# ###...#
.. ,,#........##@.#
#..## # +...8...###..#
#...# ,.........####..#
##.... ..+.....## #...#
#P...# . #...### ##..#
##...# ##.# #..# #...# *
* ## ##..# #.... * #PP.#
##...# #...# #..[P#


You could see a rime drake.

Vanquished Creatures
  A two-headed ogre (D:8)
  Pikel (D:7)
  A black mamba (Lair:2)
  The ghost of komo4ek the Twirler, a novice HuGl (D:5)
  A komodo dragon (Lair:1)
  Prince Ribbit (D:6)
  Sigmund (D:5)
  3 yaks (Lair:2)
  2 humans (D:7)
  The ghost of cirnu the Skirmisher, an amateur DsFi (D:4)
  Edmund (D:4)
  3 water moccasins
  2 phantoms
  An ice beast (D:7)
  A sky beast (D:5)
  3 orc warriors
  The ghost of cirnu the Skirmisher, an amateur DsAK of Lugonu (D:3)
  An ogre (D:4)
  3 crocodiles
  A wyvern zombie (D:6)
  2 bullfrogs (D:7)
  3 scorpions
  A killer bee (D:7)
  A crimson imp (D:7)
  2 hounds
  4 orc priests
  A jelly (D:7)
  3 bullfrog skeletons
  2 centaur skeletons (D:8)
  Ijyb (D:4)
  3 iguanas
  9 orc wizards
  10 worker ants
  Robin (D:4)
  4 gnolls (D:4)
  5 adders
  A shadow imp (D:8)
  A worm (D:4)
  2 dart slugs
  5 leopard geckos
  20 orcs
  2 ball pythons
  9 bats
  5 giant cockroaches
  11 hobgoblins
  18 jackals
  4 quokkas
  6 frilled lizards
  17 goblins
  2 jackal skeletons
  8 kobolds
  A quokka zombie (D:7)
  4 rats
  A fungus (Lair:1)
199 creatures vanquished.

Notes
Turn   | Place    | Note
-------+----------+-------------------------------------------
     0 | D:1      | sankara the Deep Dwarf Fighter began the quest for the Orb.
     0 | D:1      | Reached XP level 1. HP: 20/20 MP: 1/1
   157 | D:1      | Reached XP level 2. HP: 24/27 MP: 2/2
   527 | D:1      | Reached XP level 3. HP: 21/34 MP: 3/3
   807 | D:2      | Found an opulent altar of Gozag.
   809 | D:2      | Found a shimmering altar of Xom.
  1015 | D:2      | Found a white marble altar of Elyvilon.
  1017 | D:2      | Found a hazy altar of Hepliaklqana.
  1174 | D:2      | Found an ornate altar of the Wu Jian Council.
  1559 | D:3      | Reached XP level 4. HP: 10/42 MP: 4/4
  1661 | D:3      | Noticed cirnu's ghost (amateur DsAK)
  1685 | D:3      | Killed cirnu's ghost
  1685 | D:3      | Reached skill level 4 in Armour
  1685 | D:3      | Reached XP level 5. HP: 24/49 MP: 5/5
  2116 | D:3      | Found a blossoming altar of Fedhas.
  2233 | D:4      | Noticed cirnu's ghost (amateur DsFi)
  2281 | D:4      | Killed cirnu's ghost
  2281 | D:4      | Reached skill level 5 in Axes
  2281 | D:4      | Reached XP level 6. HP: 11/57 MP: 6/6
  2317 | D:4      | HP: 1/57 [phantom (6)]
  2352 | D:4      | Reached skill level 5 in Armour
  2380 | D:4      | Noticed Robin
  2416 | D:4      | Noticed Ijyb
  2424 | D:4      | Killed Ijyb
  2427 | D:4      | Killed Robin
  2479 | D:4      | Noticed Edmund
  2513 | D:4      | Reached XP level 7. HP: 20/64 MP: 7/7
  2528 | D:4      | Killed Edmund
  2993 | D:4      | HP: 1/66 [ogre/giant club (20)]
  3047 | D:5      | Entered Level 5 of the Dungeon
  3335 | D:5      | Found a staircase to the Ecumenical Temple.
  3344 | Temple   | Entered the Ecumenical Temple
  3541 | Temple   | Became a worshipper of Makhleb the Destroyer
  3660 | D:5      | Reached skill level 5 in Fighting
  3660 | D:5      | Reached XP level 8. HP: 16/74 MP: 7/7
  3662 | D:5      | Found a bloodstained altar of Trog.
  3668 | D:5      | Found a radiant altar of Vehumet.
  3722 | D:5      | Noticed Sigmund
  3723 | D:5      | Gained mutation: Your flesh is heat resistant. (rF+) [potion of mutation]
  3727 | D:5      | Noticed komo4ek's ghost (novice HuGl)
  3730 | D:5      | Killed Sigmund
  3730 | D:5      | Reached skill level 6 in Armour
  3740 | D:5      | Killed komo4ek's ghost
  4426 | D:6      | Noticed Prince Ribbit
  4791 | D:6      | Reached skill level 7 in Armour
  4896 | D:6      | Killed Prince Ribbit
  4896 | D:6      | Gained mutation: You passively map the area around you. [Deep Dwarf growth]
  4896 | D:6      | Reached XP level 9. HP: 22/85 MP: 8/8
  4910 | D:6      | Found a snail-covered altar of Cheibriados.
  5006 | D:6      | Reached * piety under Makhleb
  5449 | D:7      | Reached skill level 8 in Armour
  5976 | D:7      | Found a runed door.
  6058 | D:7      | Found a runed door.
  6149 | D:7      | Found an iron altar of Okawaru.
  6168 | D:7      | Reached skill level 9 in Armour
  6288 | D:7      | Noticed Pikel
  6321 | D:7      | Killed Pikel
  6424 | D:7      | Reached ** piety under Makhleb
  6449 | D:7      | Reached XP level 10. HP: 37/97 MP: 7/7
  6525 | D:8      | Noticed a two-headed ogre
  6538 | D:8      | Killed a two-headed ogre
  6538 | D:8      | Reached skill level 10 in Armour
  6627 | D:8      | Found a staircase to the Lair.
  6688 | D:8      | Found a shattered altar of Ashenzari.
  6744 | Lair:1   | Entered Level 1 of the Lair of Beasts
  7583 | Lair:2   | Noticed a black mamba
  7593 | Lair:2   | Killed a black mamba
  7603 | Lair:2   | Reached skill level 11 in Armour
  7646 | Lair:2   | Killed from afar by a rime drake

Skill      XL: |  1  2  3  4  5  6  7  8  9 10 |
---------------+-------------------------------+-----
Axes           | 3 4 5 6 7 9 |  9.0
Fighting       | 3 4 5 6 8 9 |  9.6
Armour         | 4 5 7 9 11 | 11.2
Shields        | |  3.2

Action                   |  1- 3 |  4- 6 |  7- 9 | 10-12 || total
-------------------------+-------+-------+-------+-------++-------
Melee: War axe           |   197 |   148 |   447 |   131 ||   923
Throw: Javelin           |       |       |       |     2 ||     2
 Abil: Heal Wounds       |       |     2 |    13 |     3 ||    18
  Use: Potion            |       |     6 |    11 |     3 ||    20
       Scroll            |       |     3 |     7 |       ||    10
 Stab: Invisible         |       |       |     4 |       ||     4
  Eat: Chunk             |     3 |     3 |     6 |     2 ||    14
       Ration            |       |       |     2 |     1 ||     3
Armor: Scale mail        |   119 |    56 |   106 |       ||   281
       Skin              |       |     7 |       |       ||     7
       Plate armour      |       |       |    78 |    60 ||   138
Dodge: Dodged            |    71 |    33 |   113 |    18 ||   235
Block: Shield            |   141 |    67 |   205 |    63 ||   476
